 Dungeon Sprint DCSS version 0.21.1-1-g345015f (webtiles) character file.

19887 spiff the Warrior (level 12, -3/119 HPs)
             Began as a Demonspawn Gladiator on July 11, 2018.
             Was the Champion of Cheibriados.
             Killed from afar by a frost giant (51 damage)
             ... with a bolt of cold
             ... in the Dungeon (Sprint IX: "|||||||||||||||||||||||||||||").
             The game lasted 00:11:52 (2486 turns).

spiff the Warrior (Demonspawn Gladiator)            Turns: 2486, Time: 00:11:53

Health: -3/119     AC: 26    Str: 33    XL:     12   Next: 40%
Magic:  0/19       EV: 21    Int: 27    God:    Cheibriados [******]
Gold:   1910       SH:  0    Dex: 32    Spells: 21/21 levels left

rFire    . . .     SeeInvis .   a - +0 bardiche
rCold    . . .     Gourm    .   (shield currently unavailable)
rNeg     . . .     Faith    .   c - +2 plate armour
rPois    +         Spirit   +   C - +0 hat
rElec    .         Reflect  .   t - +2 cloak {rPois}
rCorr    .         Harm     .   F - +1 pair of gloves
MR       .....     NoTele   +   B - +0 pair of boots
Stlth    ..........             (no amulet)
HPRegen  0.29/turn              r - +3 ring of intelligence
MPRegen  0.16/turn              s - +2 ring of evasion

@: very slow
A: claws 2, icy blue scales 2, nightstalker 2, magic shield
a: Bend Time, Temporal Distortion, Slouch, Step From Time, Renounce Religion


You were in the Dungeon.
You worshipped Cheibriados.
Cheibriados was exalted by your worship.
You were not hungry.

You visited 1 branch You collected 1910 gold pieces.

Inventory:

Hand Weapons
 a - a +0 bardiche (weapon)
 p - a +2 halberd of venom
 z - a +0 glaive
Missiles
 d - a throwing net (quivered)
Armour
 c - a +2 plate armour (worn)
 t - a +2 cloak of poison resistance (worn)
 B - a +0 pair of boots (worn)
 C - a +0 hat (worn)
 F - a +1 pair of gloves (worn)
Jewellery
 h - an uncursed ring of protection from cold
 r - a +3 ring of intelligence (left hand)
 s - a +2 ring of evasion (right hand)
 D - an uncursed ring of fire
Wands
 l - a wand of disintegration (18)
 o - a wand of iceblast (10)
Scrolls
 b - a scroll of identify
 k - 4 scrolls of blinking
 m - 6 scrolls of remove curse
 n - 3 scrolls of amnesia
 w - a scroll of fear
 x - a scroll of fog
 y - 4 scrolls of enchant weapon
Potions
 e - 8 potions of curing
 g - 2 potions of invisibility
 i - 4 potions of magic
 j - 10 potions of heal wounds
 u - a potion of agility
 v - 2 potions of resistance
Comestibles
 f - 11 rations


   Skills:
 + Level 19.0 Fighting
 + Level 16.7 Polearms
 - Level 1.7 Throwing
 - Level 10.0 Armour
 - Level 10.3 Dodging
 - Level 5.1 Spellcasting
 - Level 6.2 Evocations


You had 21 spell levels left.
You didn't know any spells.

Dungeon Overview and Level Annotations

Branches:
Dungeon (1/1)

Altars:
Cheibriados
Dithmenos
Elyvilon
Fedhas
Gozag
Hepliaklqana
Kikubaaqudgha
Makhleb
Nemelex Xobeh
Okawaru
Qazlal
Ru
Sif Muna
Trog
Uskayaw
Vehumet
Wu Jian
Xom
Yredelemnul
Zin
The Shining One
Beogh
Jiyva
Lugonu

Shops:
D %?*(


Innate Abilities, Weirdness & Mutations

You have very sharp fingernails.
You are mostly covered in icy blue scales. (AC +3)
You are significantly more attuned to the shadows.
When hurt, damage is shared between your health and your magic reserves.


Message History

Deactivating autopickup; reactivate with Ctrl-A.
You barely miss the brown ugly thing.
The brown ugly thing is moderately wounded.
The brown ugly thing completely misses you.
You hit the brown ugly thing.
The brown ugly thing is moderately wounded.
The brown ugly thing bites you but does no damage.
You carve the brown ugly thing like a ham!!!
You kill the brown ugly thing!
Cheibriados thoroughly appreciates the change of pace.
Your Fighting skill increases to level 19!
You carve the frost giant like a ham!!!
The frost giant is heavily wounded.
The frost giant casts a spell at you. The bolt of cold hits you!
You hit the frost giant.
The frost giant is heavily wounded.
The frost giant gestures at you while chanting.
The bolt of cold hits you!
You die...

▓.▓.▓.▓.▓.▓.▓
▓.▓∩▓.▓(▓.▓.▓
▓.▓.▓.▓(▓.▓'▓
▓.▓.▓∩▓.▓)▓.▓.▓
▓.▓.▓.▓.▓.▓.▓.▓
▓c▓.▓∩▓.▓.▓.▓.▓
▓{▓.▓.▓.▓.▓.▓.▓
▓C▓.▓∩▓.▓.▓.▓)▓
▓@▓.▓)▓.▓.▓.▓)▓
▓)▓.▓.▓.▓.▓.▓|▓
▓)▓.▓.▓.▓.▓.▓.▓
▓(▓.▓.▓.▓†▓.▓)▓
▓.▓.▓)▓.▓'▓)▓)▓
▓.▓.▓)▓.▓.▓.▓_▓
▓(▓.▓.▓.▓.▓.▓_▓
▓(▓.▓.▓.▓.▓.▓_▓
▓.▓.▓.▓.▓.▓.▓_▓


You could see a frost giant and a centaur warrior.

Vanquished Creatures
  Gastronok (D)
  Josephine (D)
  2 catoblepae (D)
  A centaur warrior (D)
  A two-headed ogre (D)
  4 death yaks (D)
  3 orc knights (D)
  11 orc sorcerers (D)
  An ugly thing (D)
  A cyclops (D)
  Maurice (D)
  3 spiny frogs (D)
  A yaktaur (D)
  A blink frog (D)
  4 hippogriffs (D)
  3 wraiths (D)
  A shadow (D)
  4 yaks (D)
  An acid dragon (D)
  6 water moccasins (D)
  2 porcupines (D)
  5 orc warriors (D)
  2 sky beasts (D)
  2 ogres (D)
  A phantom (D)
  A wolf (D)
  2 crocodiles (D)
  2 big kobolds (D)
  A bullfrog (D)
  A crimson imp (D)
  4 orc priests (D)
  9 orc wizards (D)
  An adder (D)
  2 shadow imps (D)
  2 leopard geckos (D)
  8 orcs (D)
  A giant cockroach (D)
  A hobgoblin (D)
  A jackal (D)
  A bat (D)
  A rat (D)
101 creatures vanquished.

Notes
Turn   | Place    | Note
-------+----------+-------------------------------------------
     0 | D        | spiff the Demonspawn Gladiator began the quest for the Orb.
     0 | D        | Reached XP level 1. HP: 16/16 MP: 1/1
    30 | D        | Noticed an ogre
    30 | D        | Noticed a crimson imp
    43 | D        | Reached skill level 3 in Fighting
    43 | D        | Gained mutation: When hurt, damage is shared between your health and your magic reserves. [demonic ancestry]
    43 | D        | Reached XP level 2. HP: 8/24 MP: 2/2
    53 | D        | Killed an ogre
    53 | D        | Reached skill level 5 in Fighting
    53 | D        | Gained mutation: You have sharp fingernails. [demonic ancestry]
    53 | D        | Reached XP level 3. HP: 33/33 MP: 1/3
    53 | D        | Reached XP level 4. HP: 39/39 MP: 1/4
    65 | D        | Reached skill level 6 in Fighting
    65 | D        | Gained mutation: You have very sharp fingernails. [demonic ancestry]
    65 | D        | Reached XP level 5. HP: 36/46 MP: 2/5
    92 | D        | Found a roughly hewn altar of Beogh.
    92 | D        | Found a snail-covered altar of Cheibriados.
    92 | D        | Found a shadowy altar of Dithmenos.
    92 | D        | Found a white marble altar of Elyvilon.
    92 | D        | Found a blossoming altar of Fedhas.
    92 | D        | Found an opulent altar of Gozag.
    93 | D        | Found a hazy altar of Hepliaklqana.
    94 | D        | Found a viscous altar of Jiyva.
    95 | D        | Found an ancient bone altar of Kikubaaqudgha.
    96 | D        | Found a corrupted altar of Lugonu.
    97 | D        | Found a burning altar of Makhleb.
    98 | D        | Found a sparkling altar of Nemelex Xobeh.
    99 | D        | Found an iron altar of Okawaru.
   100 | D        | Found a stormy altar of Qazlal.
   101 | D        | Found a sacrificial altar of Ru.
   102 | D        | Found a deep blue altar of Sif Muna.
   103 | D        | Found a bloodstained altar of Trog.
   104 | D        | Found a hide-covered altar of Uskayaw.
   105 | D        | Found a radiant altar of Vehumet.
   106 | D        | Found an ornate altar of the Wu Jian Council.
   107 | D        | Found a shimmering altar of Xom.
   108 | D        | Found a basalt altar of Yredelemnul.
   109 | D        | Found a glowing silver altar of Zin.
   110 | D        | Found a glowing golden altar of the Shining One.
   152 | D        | Became a worshipper of Cheibriados the Contemplative
   213 | D        | Noticed a two-headed ogre
   213 | D        | Noticed an ogre
   213 | D        | Noticed a yak
   213 | D        | Noticed a hippogriff
   213 | D        | Noticed a phantom
   220 | D        | Killed a phantom
   220 | D        | Reached skill level 7 in Fighting
   226 | D        | Killed a hippogriff
   226 | D        | Reached * piety under Cheibriados
   226 | D        | Reached skill level 8 in Fighting
   226 | D        | Reached skill level 10 in Polearms
   226 | D        | Gained mutation: You are slightly more attuned to the shadows. [demonic ancestry]
   226 | D        | Reached XP level 6. HP: 25/57 MP: 3/6
   399 | D        | Killed a yak
   399 | D        | Reached skill level 9 in Fighting
   399 | D        | Gained mutation: You are partially covered in icy blue scales. (AC +2) [demonic ancestry]
   399 | D        | Reached XP level 7. HP: 64/64 MP: 7/7
   407 | D        | Reached ** piety under Cheibriados
   415 | D        | Killed a two-headed ogre
   415 | D        | Reached skill level 10 in Fighting
   415 | D        | Gained mutation: You are mostly covered in icy blue scales. (AC +3) [demonic ancestry]
   415 | D        | Reached XP level 8. HP: 64/74 MP: 8/8
   433 | D        | Noticed a hippogriff
   438 | D        | Killed a hippogriff
   438 | D        | Reached skill level 11 in Fighting
   438 | D        | Reached skill level 1 in Armour
   438 | D        | Reached skill level 1 in Evocations
   483 | D        | Reached *** piety under Cheibriados
   491 | D        | Reached **** piety under Cheibriados
   579 | D        | Noticed Maurice
   596 | D        | Killed Maurice
   596 | D        | Reached skill level 5 in Dodging
   596 | D        | Reached XP level 9. HP: 47/81 MP: 6/12
   828 | D        | Noticed a spiny frog
   832 | D        | Reached ***** piety under Cheibriados
   832 | D        | Reached skill level 5 in Evocations
   837 | D        | Killed a spiny frog
   837 | D        | Reached skill level 5 in Armour
   847 | D        | Noticed a spiny frog
   848 | D        | Reached ****** piety under Cheibriados
   857 | D        | Reached skill level 1 in Spellcasting
   866 | D        | Killed a spiny frog
  1081 | D        | Noticed a spiny frog
  1092 | D        | Killed a spiny frog
  1092 | D        | Reached XP level 10. HP: 85/89 MP: 13/16
  1103 | D        | Reached skill level 12 in Fighting
  1122 | D        | Noticed a death yak
  1122 | D        | Noticed a death yak
  1122 | D        | Noticed a catoblepas
  1123 | D        | Noticed a death yak
  1124 | D        | Reached skill level 5 in Spellcasting
  1125 | D        | Noticed a death yak
  1126 | D        | Killed a catoblepas
  1130 | D        | Killed a death yak
  1134 | D        | Killed a death yak
  1134 | D        | Reached skill level 13 in Fighting
  1137 | D        | Killed a death yak
  1137 | D        | Reached skill level 10 in Armour
  1141 | D        | Killed a death yak
  1141 | D        | Reached skill level 10 in Dodging
  1141 | D        | Reached XP level 11. HP: 85/99 MP: 4/18
  1146 | D        | Noticed a catoblepas
  1242 | D        | Killed a catoblepas
  1242 | D        | Reached skill level 14 in Fighting
  1381 | D        | Noticed Gastronok
  1396 | D        | Killed Gastronok
  1396 | D        | Reached skill level 15 in Fighting
  1593 | D        | Noticed an orc knight
  1605 | D        | Killed an orc knight
  1605 | D        | Reached skill level 16 in Fighting
  1720 | D        | Noticed an orc sorcerer
  1720 | D        | Noticed an orc knight
  1729 | D        | Killed an orc knight
  1732 | D        | Noticed an orc knight
  1737 | D        | Killed an orc sorcerer
  1747 | D        | Noticed an orc sorcerer
  1749 | D        | Killed an orc knight
  1753 | D        | Noticed an orc sorcerer
  1765 | D        | Killed an orc sorcerer
  1765 | D        | Reached skill level 17 in Fighting
  1770 | D        | Killed an orc sorcerer
  1783 | D        | Noticed an orc sorcerer
  1787 | D        | Killed an orc sorcerer
  1787 | D        | Reached skill level 15 in Polearms
  1994 | D        | Noticed an orc sorcerer
  1994 | D        | Noticed an orc sorcerer
  1994 | D        | Noticed an orc sorcerer
  2000 | D        | Killed an orc sorcerer
  2003 | D        | Killed an orc sorcerer
  2014 | D        | Killed an orc sorcerer
  2015 | D        | Found Sosch's Weapon Boutique.
  2019 | D        | Found Yzxoq's Assorted Antiques.
  2020 | D        | Noticed an orc sorcerer
  2021 | D        | Found Wenaz's Magic Scroll Boutique.
  2024 | D        | Killed an orc sorcerer
  2024 | D        | Gained mutation: You are significantly more attuned to the shadows. [demonic ancestry]
  2024 | D        | Reached XP level 12. HP: 116/116 MP: 19/19
  2087 | D        | Found Ugegag's Food Shop.
  2098 | D        | Reached skill level 18 in Fighting
  2111 | D        | Paralysed by an orc sorcerer for 3 turns
  2249 | D        | Noticed Josephine
  2258 | D        | Killed Josephine
  2451 | D        | Noticed a centaur warrior
  2458 | D        | Killed a centaur warrior
  2469 | D        | Noticed a frost giant
  2470 | D        | Noticed a vampire mage
  2477 | D        | Noticed a centaur warrior
  2484 | D        | Reached skill level 19 in Fighting
  2486 | D        | Killed from afar by a frost giant

Skill      XL: |  1  2  3  4  5  6  7  8  9 10 11 12 |
---------------+-------------------------------------+-----
Polearms       | 4 7 8 10 11 13 14 15 16 | 16.7
Fighting       | 3 5 6 8 9 10 11 13 17 19 | 19.0
Armour         | 4 7 10 | 10.0
Dodging        | 5 7 10 | 10.3
Evocations     | 4 6 |  6.2
Spellcasting   | 4 5 |  5.1
Throwing       | |  1.7

Action                   |  1- 3 |  4- 6 |  7- 9 | 10-12 || total
-------------------------+-------+-------+-------+-------++-------
Melee: Trident           |    35 |     8 |       |       ||    43
       Halberd           |       |    20 |    87 |   194 ||   301
       Bardiche          |       |       |       |    31 ||    31
Throw: Throwing net      |     2 |       |       |       ||     2
Invok: Slouch            |       |       |       |     3 ||     3
  Use: Potion            |     2 |       |       |       ||     2
 Stab: Sleeping          |     1 |       |     3 |     1 ||     5
       Distracted        |       |     1 |       |       ||     1
  Eat: Chunk             |       |       |       |     2 ||     2
Armor: Leather armour    |     6 |       |       |       ||     6
       Ring mail         |       |     7 |    17 |    25 ||    49
       Plate armour      |       |       |       |     9 ||     9
Dodge: Dodged            |    24 |    15 |    47 |    95 ||   181
